 Dungeon Crawl Stone Soup version 0.27-a0-401-gea03ee85fd (webtiles) character file.

Game seed: 7319707014646387037

34 miscthings the Cudgeller (level 3, 0/29 HPs)
             Began as a Demonspawn Chaos Knight on Feb 22, 2021.
             Was a Plaything of Xom.
             Slain by a hobgoblin
             ... wielding a +0 club
              (5 damage)
             ... on level 2 of the Dungeon.
             The game lasted 00:01:32 (968 turns).

miscthings the Cudgeller (Demonspawn Chaos Knight)   Turns: 968, Time: 00:01:34

Health: 0/29       AC:  5    Str: 13    XL:     3   Next: 14%
Magic:  3/3        EV: 11    Int: 15    God:    Xom [..*...]
Gold:   48         SH:  0    Dex: 12    Spells: 2/2 levels left

rFire    . . .     SeeInvis .   a - +0 mace (chaos)
rCold    . . .     Faith    .   (no shield)
rNeg     . . .     Spirit   .   b - +2 leather armour
rPois    .         Reflect  .   (no helmet)
rElec    .         Harm     .   (no cloak)
rCorr    .         Rampage  .   (no gloves)
Will     .....                  (no boots)
Stlth    +.........             (no amulet)
HPRegen  0.09/turn              (no ring)
MPRegen  0.08/turn              (no ring)

@: no status effects
A: powered by death 1, big brain 1
a: Renounce Religion


You were on level 2 of the Dungeon.
You worshipped Xom.
You were a toy of Xom.
You visited 1 branch of the dungeon, and saw 2 of its levels.

You collected 48 gold pieces.

Inventory:

Hand Weapons
 a - a +0 mace of chaos (weapon)
Armour
 b - a +2 leather armour (worn)
Scrolls
 c - 2 scrolls of identify {unknown}
 e - a scroll of fog {unknown}
 f - a scroll of teleportation {unknown}
Potions
 d - a potion of haste {unknown}


   Skills:
 - Level 3.0 Fighting
 + Level 3.9 Maces & Flails
 - Level 1.7 Armour
 - Level 0.8 Dodging


You had 2 spell levels left.
You didn't know any spells.
Your spell library was empty.

Dungeon Overview and Level Annotations

Branches:
Dungeon (2/15)

Altars:


Innate Abilities, Weirdness & Mutations

You regenerate a little health from kills.
You have an unusually large brain. (Int +2)


Message History

A kobold is nearby!
A quokka comes into view.
The kobold throws a stone.
The stone hits you but does no damage. The kobold hits you with a +0 dagger.
You closely miss the kobold. The kobold hits you but does no damage.
You barely miss the kobold. "How about this?"
Your eyebrows briefly feel incredibly bushy.
The kobold hits you but does no damage. The quokka misses you.
You hit the quokka.
The quokka flickers and vanishes!
Deactivating autopickup; reactivate with Ctrl-A.
The kobold hits you but does no damage. Something bites you.
The kobold hits you but does no damage.
You hit the kobold but do no damage.
The kobold suddenly seems more agile.
Something bites you. The kobold hits you with a +0 dagger.
You barely miss the kobold. Something bites you but does no damage.
The kobold hits you but does no damage. Something bites you but does no damage.
You hit the kobold but do no damage.
The kobold seems to slow down.
Something bites you.
A hobgoblin comes into view. It is wielding a +0 club.
The kobold hits you but does no damage.
You are too injured to fight recklessly!
You miss the kobold.
The hobgoblin shouts!
Something bites you. Something bites you but does no damage.
You barely miss the kobold. The kobold hits you but does no damage.
Something bites you.
* * * LOW HITPOINT WARNING * * *
Something bites you.
* * * LOW HITPOINT WARNING * * *
Something bites you.
* * * LOW HITPOINT WARNING * * *
There is a stone staircase leading down here.
You hit something. You burn something.
Reactivating autopickup.
You feel a bit more experienced.
The kobold is no longer moving slowly.
You swing at nothing.
You barely miss the hobgoblin. The hobgoblin hits you with a +0 club.
You die... "What!?
That's it?"

# .. #. #.
###.##########
.##.......K.g@.#
.?..........##.#
..##.#.#.###.##.########
#.......# #.##.(......#
#.##.#.#.###.##........#
...(...............#
#.#.#####.####......#
..... .#.####.[....####
### ## #................


You could see a hobgoblin and a kobold (agile).

Vanquished Creatures
  3 dart slugs (D:1)
  4 giant cockroaches (D:1)
  3 hobgoblins (D:1)
  2 kobolds (D:1)
  A quokka (D:2)
  2 bats
  3 frilled lizards
  4 goblins (D:1)
  5 rats
27 creatures vanquished.

Notes
Turn   | Place    | Note
-------+----------+-------------------------------------------
     0 | D:1      | miscthings the Demonspawn Chaos Knight began the quest for
                  | the Orb.
     0 | D:1      | Reached XP level 1. HP: 18/18 MP: 1/1
   401 | D:1      | Gained mutation: You regenerate a little health from kills.
                  | [demonic ancestry]
   401 | D:1      | Reached XP level 2. HP: 24/24 MP: 2/2
   464 | D:1      | XOM: divination: detect items
   742 | D:1      | XOM: potion effect (invisibility)
   766 | D:1      | Gained mutation: You have an unusually large brain. (Int
                  | +2) [demonic ancestry]
   766 | D:1      | Reached XP level 3. HP: 26/29 MP: 3/3
   952 | D:2      | XOM: silly message
   968 | D:2      | Slain by a hobgoblin

Illustrated notes

Levels and vault maps discovered:
D:1:      erik_arrival_orb_chamber, layout_loops_corners
D:2:      layout_loops_ring, serial_aquarium, aquarium_bridge_long_separate
          [aquarium_subvault_window, aquarium_subvault_wall,
          aquarium_subvault_bridge, aquarium_subvault_bridge,
          aquarium_subvault_bridge, aquarium_subvault_window],
          aquarium_bridge_square [aquarium_subvault_balcony,
          aquarium_subvault_window, aquarium_subvault_bridge,
          aquarium_subvault_wall], aquarium_window_2,
          aquarium_window_corridor_1, aquarium_window_fake, aquarium_view_2e,
          aquarium_pool_2

Skill      XL: |  1 |
---------------+----+-----
Maces & Flails | 3 |  3.9
Fighting       | |  3.0
Armour         | |  1.7
Dodging        | |  0.8

Action                   || total
-------------------------++-------
Melee: Mace              ||    79
 Stab: Petrified         ||     4
       Paralysed         ||     1
Armor: Leather armour    ||    28
Dodge: Dodged            ||    40

Table legend: (Time is in decaauts)
 A = Elapsed time spent in this place.
 B = Non-inter-level travel time spent in this place.
 C = Inter-level travel time spent in this place.
 D = Time resting spent in this place.
 E = Time spent auto-exploring this place.
 F = Levels seen in this place.
 G = Mean time per level.
                   A        B        C        D        E       F      G
               +--------+--------+--------+--------+--------+-----+--------+
         Total |    986 |    953 |     33 |    137 |    603 |   2 |  493.0 |
       Dungeon |    986 |    953 |     33 |    137 |    603 |   2 |  493.0 |
               +--------+--------+--------+--------+--------+-----+--------+

Top non-repeatable levels by time:
     D:1: 928 daAuts
     D:2: 57 daAuts
